 Dungeon Sprint DCSS version 0.18-a0-33-g9e10395 (console) character file.

240 Kellhus the Carver (level 5, -5/42 HPs)
             Began as a Demigod Fighter on Nov 5, 2015.
             Slain by a yak (14 damage)
             ... in the Dungeon (Sprint IX: "|||||||||||||||||||||||||||||").
             The game lasted 00:00:30 (343 turns).

Kellhus the Carver (Demigod Fighter)                 Turns: 343, Time: 00:00:31

Health: -5/42      AC:  6    Str: 19    XL:     5   Next: 50%
Magic:  7/7        EV:  7    Int: 12    God:
Gold:   0          SH:  9    Dex: 17    Spells: 0 memorised, 4 levels left

rFire  . . .     SeeInvis .     a - +0 long sword
rCold  . . .     Clarity  .     b - +0 scale mail
rNeg   . . .     SustAt   +     c - +0 shield
rPois  .         Gourm    .     (no helmet)
rElec  .         Spirit   .     (no cloak)
rCorr  .         Warding  .     (no gloves)
rMut   .         NoTele   +     (no boots)
MR     .....                    (no amulet)
Stlth  ..........               (no ring)
                                (no ring)

@: not resistant to hostile enchantments, extremely unstealthy
A: high mp 1, sustain attributes
a: no special abilities


You were in the Dungeon.
You were not hungry.

You visited 1 branch

Inventory:

Hand Weapons
 a - a +0 long sword (weapon)
Armour
 b - a +0 scale mail (worn)
 c - a +0 shield (worn)
 o - a +0 cloak
 p - a +0 pair of gloves
Jewellery
 q - a +2 ring of evasion
Wands
 n - a wand of fire (7)
Scrolls
 k - 2 scrolls of blinking
 l - 3 scrolls of remove curse
 m - 2 scrolls of amnesia
Potions
 d - a potion of might
 f - 5 potions of curing
 g - 3 potions of heal wounds
 h - a potion of haste
 i - 4 potions of magic
Comestibles
 e - a bread ration


   Skills:
 - Level 2.6 Fighting
 + Level 11.0 Long Blades
 - Level 2.6 Armour
 - Level 2.6 Shields


You had 4 spell levels left.
You didn't know any spells.

Dungeon Overview and Level Annotations

Branches:
Dungeon (1/1)


Innate Abilities, Weirdness & Mutations

You have an increased reservoir of magic (+10% MP).
Your attributes are resistant to harm.


Message History

Ouch! That really hurt!
* * * LOW HITPOINT WARNING * * *
Unknown command.
Unknown command.
You hit the orc warrior.
The orc warrior is heavily wounded.
You block the orc warrior's attack.
The orc wizard mumbles some strange words.
The orc wizard blinks!
You slash the orc warrior!
The orc warrior is almost dead.
The orc warrior completely misses you.
You slash the orc warrior!
You kill the orc warrior!
Your Long Blades skill gained 2 levels and is now at level 11!
You have reached level 5!
You hit the yak but do no damage.
The orc wizard gestures wildly while chanting.
The orc wizard blinks!
The yak gores you!
You die... ▓▓▓▓▓▓▓▓▓▓▓▓▓▓▓▓▓▓▓▓▓▓▓▓▓▓▓▓ ___________'o.|§@YCZ.H....ZH ▓▓▓▓▓▓▓▓▓▓▓▓▓▓▓▓▓▓▓▓▓▓▓▓▓▓▓▓

You could see a hill giant, a yak, a hippogriff, an orc wizard and an adder skeleton.

Vanquished Creatures
  An orc warrior (D)
  An ogre (D)
  A hound (D)
  A worker ant (D)
  A giant gecko (D)
  A hobgoblin (D)
  A jackal (D)
  A kobold (D)
  A bat (D)
  A giant newt (D)
  A rat (D)
11 creatures vanquished.

Notes
Turn   | Place    | Note
--------------------------------------------------------------
     0 | D        | Kellhus the Demigod Fighter began the quest for the Orb.
     0 | D        | Reached XP level 1. HP: 18/18 MP: 3/3
    11 | D        | Reached skill level 3 in Long Blades
    64 | D        | Noticed a hound
    64 | D        | Noticed an ogre
    64 | D        | Noticed a worker ant
    71 | D        | Killed a hound
    71 | D        | Reached skill level 6 in Long Blades
    71 | D        | Reached XP level 2. HP: 25/25 MP: 4/4
    71 | D        | Reached XP level 3. HP: 30/30 MP: 5/5
    77 | D        | Killed an ogre
    77 | D        | Reached skill level 8 in Long Blades
    77 | D        | Reached XP level 4. HP: 33/37 MP: 6/6
    86 | D        | Reached skill level 9 in Long Blades
   284 | D        | Found a glowing silver altar of Zin.
   284 | D        | Found a glowing golden altar of the Shining One.
   284 | D        | Found an ancient bone altar of Kikubaaqudgha.
   284 | D        | Found a basalt altar of Yredelemnul.
   284 | D        | Found a shimmering altar of Xom.
   284 | D        | Found a radiant altar of Vehumet.
   285 | D        | Found an iron altar of Okawaru.
   286 | D        | Found a burning altar of Makhleb.
   287 | D        | Found a deep blue altar of Sif Muna.
   288 | D        | Found a bloodstained altar of Trog.
   289 | D        | Found a sparkling altar of Nemelex Xobeh.
   290 | D        | Found a white marble altar of Elyvilon.
   291 | D        | Found a roughly hewn altar of Beogh.
   292 | D        | Found a viscous altar of Jiyva.
   293 | D        | Found a corrupted altar of Lugonu.
   294 | D        | Found a blossoming altar of Fedhas.
   295 | D        | Found a snail-covered altar of Cheibriados.
   296 | D        | Found a shadowy altar of Dithmenos.
   297 | D        | Found a stormy altar of Qazlal.
   298 | D        | Found an opulent altar of Gozag.
   299 | D        | Found a sacrificial altar of Ru.
   324 | D        | Noticed an orc warrior
   324 | D        | Noticed a yak
   324 | D        | Noticed a hill giant
   324 | D        | Noticed a hippogriff
   342 | D        | Killed an orc warrior
   342 | D        | Reached skill level 11 in Long Blades
   342 | D        | Reached XP level 5. HP: 9/42 MP: 7/7
   343 | D        | Slain by a yak

Vault maps used:
D:        linesprint

Action                   |  1- 3 |  4- 6 || total
-------------------------+-------+-------++-------
Melee: Long sword        |    21 |    22 ||    43
  Use: Potion            |     1 |       ||     1
